[Event "European Womens-ch 2025"]
[Site "Rhodes"]
[Date "2025.04.02"]
[Round "3.39"]
[White "Velikic, Adela"]
[Black "Acarbay, Algi"]
[Result "1-0"]
[Annotator "RC"]
[ECO "D12"]
[WhiteElo "2214"]
[BlackElo "2052"]
[PlyCount "119"]
[EventDate "2025.03.29"]
[EventType "swiss"]
[EventCountry "GRE"]
[SourceTitle "playchess.com"]
[Source "ChessBase"]
[SourceQuality "1"]
[TimeControl "40/5400+30:1800+30"]

1. d4 d5 2. c4 c6 3. Nf3 Nf6 4. e3 Bf5 5. Nc3 e6 6. Nh4 Bg6 7. Qb3 Qc7 8. Nxg6 hxg6 9. g3 Nbd7 10. Bg2 Nb6 11. cxd5 exd5 12. Qc2 Bd6 13. b3 O-O 14. O-O Rfe8 15. Bd2 Re7 16. Rad1 Rae8 17. f3 Bb4 18. Bc1 Nc8 19. a3 Bxc3 20. Qxc3 Nd6 21. Rfe1 Qd7 22. a4 Nf5 23. Qd3 Qd8 24. Bh3 Nd6 25. Ba3 g5 26. g4 g6 27. Bg2 Re6 28. Re2 Qb6 29. Rde1 a6 30. h3 Nc8 31. Bc5 Qc7 32. e4 Qg3 33. e5 Nd7 34. Bb4 Kg7 35. Bd2 Rh8 36. Bxg5 Rxh3 37. Bf4 Qxf4 38. Bxh3 Qg3+ 39. Bg2 Ne7 40. Qe3 Qh4 41. Bh1 g5 42. Rh2 Qg3+ 43. Bg2 Ng6 44. Rh3 Qf4 45. Rh5 Qxe3+ 46. Rxe3 Nf4 47. Rxg5+ Rg6 48. Rf5 Ne6 49. Rd3 a5 50. Kf2 Nb8 51. Bh3 Rh6 52. Kg3 Na6 53. f4 Nb4 54. Rd2 c5 55. dxc5 Nxc5 56. Bg2 Nxb3 57. Rxd5 Nxd5 58. Bxd5 Nc5 59. Rxf7+ Kh8 60. Rf8+ 1-0

[Event "European Womens-ch 2025"]
[Site "Rhodes"]
[Date "2025.04.02"]
[Round "3.40"]
[White "Bochnickova, Andrea"]
[Black "Lehaci, Miruna-Daria"]
[Result "0-1"]
[Annotator "RC"]
[ECO "E32"]
[WhiteElo "2051"]
[BlackElo "2212"]
[PlyCount "60"]
[EventDate "2025.03.29"]
[EventType "swiss"]
[EventCountry "GRE"]
[SourceTitle "playchess.com"]
[Source "ChessBase"]
[SourceQuality "1"]
[TimeControl "40/5400+30:1800+30"]

1. d4 e6 2. c4 Nf6 3. Nc3 Bb4 4. Qc2 O-O 5. e4 d5 6. e5 Ne4 7. a3 Bxc3+ 8. bxc3 c5 9. Nf3 Qa5 10. Bd2 Nxd2 11. Qxd2 Rd8 12. cxd5 cxd4 13. cxd4 Qxd5 14. Be2 Bd7 15. O-O Bb5 16. Bxb5 Qxb5 17. Qf4 h6 18. g4 Nc6 19. Rab1 Qd5 20. Rfd1 Ne7 21. h4 Rac8 22. Rd3 Rc2 23. Nd2 Ng6 24. Qg3 Nxe5 25. Re3 Nxg4 26. Qxg4 Rxd2 27. h5 Rxd4 28. Qh3 Rd1+ 29. Rxd1 Qxd1+ 30. Kh2 Rd5 0-1

[Event "European Womens-ch 2025"]
[Site "Rhodes"]
[Date "2025.04.02"]
[Round "3.41"]
[White "Mgeladze, Kesaria"]
[Black "Zvereva, Marija"]
[Result "1-0"]
[Annotator "RC"]
[ECO "B07"]
[WhiteElo "2200"]
[BlackElo "2033"]
[PlyCount "61"]
[EventDate "2025.03.29"]
[EventType "swiss"]
[EventCountry "GRE"]
[SourceTitle "playchess.com"]
[Source "ChessBase"]
[SourceQuality "1"]
[TimeControl "40/5400+30:1800+30"]

1. e4 d6 2. d4 Nf6 3. Nc3 g6 4. f3 Bg7 5. Be3 Nbd7 6. Qd2 c6 7. Bh6 Bxh6 8. Qxh6 b5 9. O-O-O b4 10. Nce2 Qa5 11. Kb1 Ba6 12. Nh3 c5 13. dxc5 dxc5 14. g4 c4 15. g5 Nh5 16. Nef4 Nxf4 17. Nxf4 e6 18. Bh3 O-O-O 19. Qg7 Ne5 20. Rd5 Rxd5 21. exd5 Rd8 22. Qxe5 Kb7 23. Qf6 exd5 24. Qxf7+ Kb8 25. Rd1 Bb7 26. Be6 b3 27. axb3 cxb3 28. cxb3 d4 29. Nd3 Qxg5 30. Rc1 Qe3 31. Qc7+ 1-0

[Event "European Womens-ch 2025"]
[Site "Rhodes"]
[Date "2025.04.02"]
[Round "3.42"]
[White "Prado Acebo, Ines"]
[Black "Golsta, Madara"]
[Result "0-1"]
[Annotator "RC"]
[ECO "B76"]
[WhiteElo "2199"]
[BlackElo "1979"]
[PlyCount "64"]
[EventDate "2025.03.29"]
[EventType "swiss"]
[EventCountry "GRE"]
[SourceTitle "playchess.com"]
[Source "ChessBase"]
[SourceQuality "1"]
[TimeControl "40/5400+30:1800+30"]

1. e4 c5 2. Nf3 Nc6 3. d4 cxd4 4. Nxd4 g6 5. Nc3 Bg7 6. Nb3 Nf6 7. Be3 O-O 8. Qd2 d6 9. f3 Be6 10. O-O-O Qc8 11. h4 d5 12. h5 dxe4 13. hxg6 fxg6 14. Bh6 Rd8 15. Qe3 Rxd1+ 16. Kxd1 exf3 17. gxf3 Bxh6 18. Qxh6 Qf8 19. Qe3 Bxb3 20. axb3 Rd8+ 21. Kc1 Nh5 22. Bc4+ Kh8 23. Nd5 a6 24. b4 Qg7 25. Rh4 Ng3 26. Qb6 Nf5 27. Re4 Qh6+ 28. Kb1 Qh1+ 29. Ka2 Qxf3 30. Re6 Rxd5 31. Qxb7 Rd6 32. Rxd6 Nxd6 0-1

[Event "European Womens-ch 2025"]
[Site "Rhodes"]
[Date "2025.04.02"]
[Round "3.43"]
[White "Golsta, Ramona"]
[Black "Karacsonyi, Kata"]
[Result "0-1"]
[Annotator "RC"]
[ECO "E81"]
[WhiteElo "1943"]
[BlackElo "2198"]
[PlyCount "68"]
[EventDate "2025.03.29"]
[EventType "swiss"]
[EventCountry "GRE"]
[SourceTitle "playchess.com"]
[Source "ChessBase"]
[SourceQuality "1"]
[TimeControl "40/5400+30:1800+30"]

1. d4 Nf6 2. c4 g6 3. Nc3 Bg7 4. e4 d6 5. f3 O-O 6. Be3 c5 7. Bd3 Ng4 8. fxg4 cxd4 9. Bxd4 Bxd4 10. h3 Qb6 11. Nge2 Qxb2 12. Qc1 Bxc3+ 13. Qxc3 Qxc3+ 14. Nxc3 Nc6 15. Nd5 Be6 16. Rb1 Bxd5 17. cxd5 Ne5 18. Kd2 b6 19. Rhc1 Rfc8 20. Ba6 Rc5 21. Rxc5 dxc5 22. a4 h6 23. Ke3 Kf8 24. Kf4 f6 25. h4 Nf7 26. Rh1 Kg7 27. g3 Rh8 28. a5 Ne5 29. Be2 c4 30. axb6 axb6 31. Rb1 Rc8 32. Bd1 c3 33. Bc2 Nc4 34. Rb3 g5+ 0-1

[Event "European Womens-ch 2025"]
[Site "Rhodes"]
[Date "2025.04.02"]
[Round "3.44"]
[White "Kosma, Maria"]
[Black "Bochnickova, Simona"]
[Result "1-0"]
[Annotator "RC"]
[ECO "C80"]
[WhiteElo "1826"]
[BlackElo "2167"]
[PlyCount "101"]
[EventDate "2025.03.29"]
[EventType "swiss"]
[EventCountry "GRE"]
[SourceTitle "playchess.com"]
[Source "ChessBase"]
[SourceQuality "1"]
[TimeControl "40/5400+30:1800+30"]

1. e4 e5 2. Nf3 Nc6 3. Bb5 a6 4. Ba4 Nf6 5. O-O Nxe4 6. Re1 Nc5 7. Bxc6 dxc6 8. Nxe5 Be7 9. d4 Ne6 10. Be3 O-O 11. c4 f6 12. Nd3 Nxd4 13. Bxd4 Qxd4 14. Rxe7 Bf5 15. Nc3 Bxd3 16. Rxc7 Qb6 17. Rd7 Bxc4 18. Qg4 Bf7 19. Na4 Qa5 20. Rad1 Rad8 21. b4 Qxa4 22. Rxd8 c5 23. Rxf8+ Kxf8 24. Qc8+ Be8 25. Qxc5+ Kf7 26. Qd5+ Kg6 27. Qe4+ Kf7 28. Qxb7+ Kg6 29. Rd3 Bc6 30. Rg3+ Kf5 31. Qc8+ Ke5 32. Qc7+ Kd5 33. Qd8+ Ke6 34. Re3+ Kf5 35. Qd3+ Kg5 36. Rg3+ Kh6 37. Rh3+ Kg5 38. Rxh7 Qxb4 39. h4+ Kf4 40. g3+ Ke5 41. f4+ Ke6 42. Qb3+ Qxb3 43. axb3 Kf7 44. Rh5 Ke6 45. Rc5 Bb5 46. g4 Kd6 47. b4 Bd3 48. Kf2 Bb5 49. h5 Be8 50. g5 Ke6 51. h6 1-0

[Event "European Womens-ch 2025"]
[Site "Rhodes"]
[Date "2025.04.02"]
[Round "3.45"]
[White "Guichard, Pauline"]
[Black "Nenova, Andzhelika"]
[Result "1/2-1/2"]
[Annotator "RC"]
[ECO "D40"]
[WhiteElo "2355"]
[BlackElo "1903"]
[PlyCount "125"]
[EventDate "2025.03.29"]
[EventType "swiss"]
[EventCountry "GRE"]
[SourceTitle "playchess.com"]
[Source "ChessBase"]
[SourceQuality "1"]
[TimeControl "40/5400+30:1800+30"]

1. d4 Nf6 2. c4 c5 3. e3 e6 4. Nf3 d5 5. Nc3 Nc6 6. a3 a6 7. b3 Bd6 8. dxc5 Bxc5 9. Bb2 O-O 10. cxd5 exd5 11. Be2 Bg4 12. O-O Qd6 13. Ne1 Bf5 14. Nf3 Bg4 15. h3 Bh5 16. Nh4 Bg6 17. Nxg6 hxg6 18. b4 Bb6 19. Bf3 Rad8 20. Ne2 Ne4 21. Bxe4 dxe4 22. Ng3 Qxd1 23. Rfxd1 f5 24. Ne2 Rxd1+ 25. Rxd1 Rd8 26. Rxd8+ Bxd8 27. g4 Kf7 28. Kg2 Bf6 29. Bxf6 Kxf6 30. Kg3 Ne5 31. Nd4 b5 32. Nb3 Nc4 33. Nc5 Nxa3 34. Nxa6 Nc2 35. h4 Ke5 36. Nc7 Nxb4 37. Nxb5 Nd5 38. Na3 Nf6 39. g5 Nd5 40. Nc4+ Ke6 41. Na5 Kd6 42. Nb3 Ke6 43. Nd4+ Ke5 44. Ne2 Kd6 45. Kg2 Ke5 46. Kg3 Kd6 47. Nd4 Ke5 48. Nc6+ Kd6 49. Na5 Ke5 50. Nc4+ Ke6 51. f4 exf3 52. Kxf3 Nc3 53. Nb2 Nd5 54. Nd3 Ne7 55. Nf4+ Ke5 56. Kf2 Ke4 57. Ke2 Nd5 58. Nxg6 Nxe3 59. h5 Ng4 60. Kf1 f4 61. h6 gxh6 62. gxh6 Nxh6 63. Nxf4 1/2-1/2

[Event "European Womens-ch 2025"]
[Site "Rhodes"]
[Date "2025.04.02"]
[Round "3.46"]
[White "Subramanian, Anusha"]
[Black "Sliwicka, Alicja"]
[Result "1/2-1/2"]
[Annotator "RC"]
[ECO "D03"]
[WhiteElo "2026"]
[BlackElo "2342"]
[PlyCount "82"]
[EventDate "2025.03.29"]
[EventType "swiss"]
[EventCountry "GRE"]
[SourceTitle "playchess.com"]
[Source "ChessBase"]
[SourceQuality "1"]
[TimeControl "40/5400+30:1800+30"]

1. d4 Nf6 2. Bg5 d5 3. Nd2 Nbd7 4. Ngf3 b6 5. e3 Bb7 6. c4 e6 7. Ne5 h6 8. Bh4 Bb4 9. Bxf6 gxf6 10. Nxd7 Qxd7 11. cxd5 Bxd5 12. a3 Be7 13. Nf3 Rg8 14. g3 c5 15. Bg2 Qb5 16. Qe2 Bc4 17. Qc2 Rd8 18. Rc1 Bd3 19. Qd2 Be4 20. Qe2 Bd3 21. Qd2 Qa6 22. Rc3 Bb5 23. Qc2 Bc6 24. Qe2 Bb5 25. Qc2 Kf8 26. Bf1 Bxf1 27. Rxf1 Qb7 28. Qe2 Qe4 29. Nd2 Qd5 30. Nf3 e5 31. dxe5 fxe5 32. Rc1 Bf6 33. e4 Qb3 34. Rc3 Qa4 35. Qc2 Qxc2 36. Rxc2 Rg4 37. Nd2 Bg5 38. f3 Bxd2+ 39. Rxd2 Rxd2 40. Kxd2 Rg6 41. Kc3 Rd6 1/2-1/2

[Event "European Womens-ch 2025"]
[Site "Rhodes"]
[Date "2025.04.02"]
[Round "3.47"]
[White "Szente Varga, Fruzsina"]
[Black "Khurtsilava, Inga"]
[Result "0-1"]
[Annotator "RC"]
[ECO "B12"]
[WhiteElo "2083"]
[BlackElo "2214"]
[PlyCount "132"]
[EventDate "2025.03.29"]
[EventType "swiss"]
[EventCountry "GRE"]
[SourceTitle "playchess.com"]
[Source "ChessBase"]
[SourceQuality "1"]
[TimeControl "40/5400+30:1800+30"]

1. e4 c6 2. d4 d5 3. e5 Bf5 4. h4 h5 5. Bd3 Bxd3 6. Qxd3 e6 7. Nf3 Qa5+ 8. Nbd2 Qa6 9. c4 Bb4 10. b3 c5 11. a3 Nc6 12. O-O Bxd2 13. Bxd2 dxc4 14. bxc4 Rd8 15. d5 Rxd5 16. Qe4 Rd7 17. Be3 Nd4 18. Bxd4 cxd4 19. Rfd1 Ne7 20. Rxd4 Rxd4 21. Qxd4 O-O 22. Qc5 Nf5 23. Rd1 Qa4 24. Rd2 b6 25. Qc7 Qxa3 26. Rd8 Rxd8 27. Qxd8+ Qf8 28. Qc7 Qa8 29. Ng5 Nh6 30. Kh2 g6 31. f3 a5 32. Qxb6 a4 33. c5 a3 34. c6 a2 35. c7 a1=Q 36. Qb8+ Kg7 37. c8=Q Qxb8 38. Qxb8 Qe1 39. Ne4 Qxh4+ 40. Kg1 Qe1+ 41. Kh2 Qh4+ 42. Kg1 Ng8 43. Kf1 Qf4 44. Nd6 h4 45. Kf2 Qg3+ 46. Kf1 h3 47. gxh3 Qxf3+ 48. Ke1 Qxh3 49. Ne8+ Kh7 50. Qc7 Qh4+ 51. Ke2 Qe7 52. Qb8 Qg5 53. Qc7 Ne7 54. Nf6+ Kg7 55. Qb8 Qg2+ 56. Ke1 Qc6 57. Ne8+ Kh6 58. Nd6 Qc3+ 59. Kf1 Qf3+ 60. Ke1 Qe3+ 61. Kf1 Qf4+ 62. Kg2 Kg5 63. Qh8 Nd5 64. Qh3 Qd2+ 65. Kg1 Qe1+ 66. Kg2 Nf4+ 0-1

[Event "European Womens-ch 2025"]
[Site "Rhodes"]
[Date "2025.04.02"]
[Round "3.48"]
[White "Valkova, Angelika"]
[Black "Schloffer, Jasmin-Denise"]
[Result "0-1"]
[Annotator "RC"]
[ECO "E28"]
[WhiteElo "2001"]
[BlackElo "2188"]
[PlyCount "96"]
[EventDate "2025.03.29"]
[EventType "swiss"]
[EventCountry "GRE"]
[SourceTitle "playchess.com"]
[Source "ChessBase"]
[SourceQuality "1"]
[TimeControl "40/5400+30:1800+30"]

1. d4 Nf6 2. c4 e6 3. Nc3 Bb4 4. e3 O-O 5. a3 Bxc3+ 6. bxc3 d6 7. Ne2 c5 8. Ng3 Nc6 9. Be2 b6 10. e4 Ba6 11. d5 Na5 12. O-O Bxc4 13. Bxc4 Nxc4 14. Qe2 exd5 15. exd5 b5 16. a4 a6 17. Bg5 h6 18. axb5 hxg5 19. Qxc4 axb5 20. Qxb5 Nxd5 21. Ne4 Rxa1 22. Rxa1 Qe7 23. f3 Nxc3 24. Qd3 Nxe4 25. fxe4 Re8 26. Rd1 Qxe4 27. Qxe4 Rxe4 28. Rxd6 f6 29. Rc6 Rc4 30. h3 Rc2 31. Kh2 Kf7 32. Rc7+ Kg6 33. Kg3 c4 34. Kf3 c3 35. Rc6 Rc1 36. Kg3 Kf5 37. Rc7 Ke4 38. Rxg7 Rf1 39. Rc7 Kd3 40. Rd7+ Ke2 41. Re7+ Kd2 42. Rd7+ Kc1 43. Kg4 c2 44. g3 Kb2 45. Rb7+ Kc3 46. Rc7+ Kd3 47. Rd7+ Ke4 48. Re7+ Kd5 0-1

[Event "European Womens-ch 2025"]
[Site "Rhodes"]
[Date "2025.04.02"]
[Round "3.49"]
[White "Hariharan, Shambavi"]
[Black "Terbe, Zsuzsanna"]
[Result "1/2-1/2"]
[Annotator "RC"]
[ECO "D45"]
[WhiteElo "2024"]
[BlackElo "2179"]
[PlyCount "82"]
[EventDate "2025.03.29"]
[EventType "swiss"]
[EventCountry "GRE"]
[SourceTitle "playchess.com"]
[Source "ChessBase"]
[SourceQuality "1"]
[TimeControl "40/5400+30:1800+30"]

1. d4 d5 2. c4 c6 3. Nf3 Nf6 4. e3 e6 5. Nc3 Nbd7 6. b3 Bd6 7. Bb2 O-O 8. Be2 b6 9. O-O Bb7 10. Qc2 Qe7 11. e4 dxe4 12. Nxe4 Nxe4 13. Qxe4 f5 14. Qd3 c5 15. Rad1 Rad8 16. dxc5 Nxc5 17. Qe3 Ne4 18. Be5 f4 19. Bxd6 Rxd6 20. Qc1 e5 21. Rxd6 Qxd6 22. Qb2 Re8 23. Rd1 Qc5 24. Bf1 Nf6 25. b4 Qe7 26. Qb3 Bxf3 27. gxf3 Kh8 28. a3 e4 29. fxe4 Nxe4 30. Re1 Qg5+ 31. Bg2 Nf6 32. Rxe8+ Nxe8 33. Qf3 Qe5 34. Qa8 Qe1+ 35. Bf1 h5 36. Kg2 Kh7 37. Bd3+ Kh6 38. Be4 f3+ 39. Kxf3 Qd1+ 40. Kg2 Qg4+ 41. Kf1 Qd1+ 1/2-1/2

[Event "European Womens-ch 2025"]
[Site "Rhodes"]
[Date "2025.04.02"]
[Round "3.50"]
[White "Rodshtein, Tereza"]
[Black "Donghvani, Nia"]
[Result "1-0"]
[Annotator "RC"]
[ECO "B94"]
[WhiteElo "2171"]
[BlackElo "2025"]
[PlyCount "51"]
[EventDate "2025.03.29"]
[EventType "swiss"]
[EventCountry "GRE"]
[SourceTitle "playchess.com"]
[Source "ChessBase"]
[SourceQuality "1"]
[TimeControl "40/5400+30:1800+30"]

1. e4 c5 2. Nf3 d6 3. d4 cxd4 4. Nxd4 Nf6 5. Nc3 a6 6. Bg5 Nbd7 7. Bc4 e6 8. Qe2 Qa5 9. f4 Be7 10. O-O-O O-O 11. Kb1 Re8 12. g4 Bf8 13. Bb3 Nc5 14. Bxf6 gxf6 15. f5 b5 16. g5 fxg5 17. Qh5 Qd8 18. h4 g4 19. e5 Nxb3 20. f6 dxe5 21. Ne4 Qc7 22. Rhg1 Kh8 23. Ng5 h6 24. Nxf7+ Kh7 25. Rxg4 Nxd4 26. Qg6# 1-0

[Event "European Womens-ch 2025"]
[Site "Rhodes"]
[Date "2025.04.02"]
[Round "3.51"]
[White "Abdinova, Narmin"]
[Black "Bhatia, Kanishka"]
[Result "1-0"]
[Annotator "RC"]
[ECO "A62"]
[WhiteElo "2165"]
[BlackElo "2012"]
[PlyCount "99"]
[EventDate "2025.03.29"]
[EventType "swiss"]
[EventCountry "GRE"]
[SourceTitle "playchess.com"]
[Source "ChessBase"]
[SourceQuality "1"]
[TimeControl "40/5400+30:1800+30"]

1. d4 Nf6 2. c4 e6 3. g3 c5 4. d5 exd5 5. cxd5 d6 6. Nc3 g6 7. Nf3 Bg7 8. Bg2 O-O 9. O-O Re8 10. Bf4 Nh5 11. Bg5 Qc7 12. Qd2 a6 13. a4 Nd7 14. Rfe1 Rb8 15. Bh6 Bh8 16. e4 b5 17. axb5 axb5 18. Bf1 c4 19. Nd4 b4 20. Ncb5 Qc5 21. Be3 Ne5 22. Kg2 Ng4 23. Rac1 Nxe3+ 24. Rxe3 Bd7 25. Rxc4 Qb6 26. Rc6 Bxc6 27. Nxc6 Qc5 28. Nc7 Rbc8 29. Nxe8 Rxe8 30. Re2 Nf6 31. f3 Ra8 32. Qxb4 Qc1 33. Qxd6 Ra1 34. Rf2 h5 35. e5 Nh7 36. e6 Bxb2 37. e7 Nf6 38. Qb8+ Kg7 39. Qxb2 Qxb2 40. Rxb2 Rd1 41. Rb8 Rd2+ 42. Kg1 Rxd5 43. e8=Q Nxe8 44. Rxe8 Rc5 45. Ne5 f6 46. Re7+ Kh6 47. Nd7 Rc3 48. Nf8 Kg5 49. h4+ Kf5 50. Bh3# 1-0

[Event "European Womens-ch 2025"]
[Site "Rhodes"]
[Date "2025.04.02"]
[Round "3.52"]
[White "Tirpan, Ceren"]
[Black "Pavlidou, Ekaterini"]
[Result "0-1"]
[Annotator "RC"]
[ECO "A37"]
[WhiteElo "1996"]
[BlackElo "2160"]
[PlyCount "80"]
[EventDate "2025.03.29"]
[EventType "swiss"]
[EventCountry "GRE"]
[SourceTitle "playchess.com"]
[Source "ChessBase"]
[SourceQuality "1"]
[TimeControl "40/5400+30:1800+30"]

1. c4 c5 2. Nc3 Nc6 3. g3 g6 4. Bg2 Bg7 5. Nf3 e5 6. d3 d6 7. Nd2 Nge7 8. Nf1 O-O 9. Bg5 f6 10. Bd2 Be6 11. Ne3 Qd7 12. O-O f5 13. f4 Rae8 14. Rb1 h6 15. Ned5 Kh7 16. a3 Bf7 17. Qa4 Nc8 18. e3 Re6 19. b4 Be8 20. Nb5 N6e7 21. Ndc7 Ref6 22. Nxe8 Rxe8 23. Nc3 Qd8 24. bxc5 exf4 25. gxf4 dxc5 26. Rxb7 Nb6 27. Qc2 Rd6 28. Rxa7 Nxc4 29. Nb5 Rxd3 30. Qxc4 Rxd2 31. Nc7 Rg8 32. Qxc5 Nc8 33. Ra8 Qd3 34. Rf2 Rd8 35. Rxd2 Qxd2 36. Nd5 Qd1+ 37. Kf2 Qd2+ 38. Kg1 Qd1+ 39. Bf1 Rxd5 40. Qxc8 Qg4+ 0-1

[Event "European Womens-ch 2025"]
[Site "Rhodes"]
[Date "2025.04.02"]
[Round "3.53"]
[White "Yildiz, Elif Zeren"]
[Black "Alexandri, Dimitra"]
[Result "1-0"]
[Annotator "RC"]
[ECO "B90"]
[WhiteElo "2160"]
[BlackElo "1995"]
[PlyCount "71"]
[EventDate "2025.03.29"]
[EventType "swiss"]
[EventCountry "GRE"]
[SourceTitle "playchess.com"]
[Source "ChessBase"]
[SourceQuality "1"]
[TimeControl "40/5400+30:1800+30"]

1. e4 c5 2. Nf3 d6 3. d4 cxd4 4. Nxd4 Nf6 5. Nc3 a6 6. Be3 e5 7. Nb3 Be6 8. h3 h5 9. f4 exf4 10. Bxf4 Nc6 11. Qe2 Nd7 12. O-O-O Nde5 13. Nd5 Rc8 14. Kb1 b5 15. Qf2 Rb8 16. Nd4 Nxd4 17. Qxd4 Nc6 18. Qe3 Bxd5 19. exd5+ Ne7 20. Bd3 Qb6 21. Qf3 Qc5 22. Rhe1 Rb7 23. Rf1 Ng8 24. Rde1+ Kd8 25. Be3 Qc7 26. Bd4 f6 27. Re6 Be7 28. Rfe1 Kc8 29. Bg6 h4 30. Be8 Rb8 31. Bc6 Kd8 32. Qe3 g5 33. Bxf6 Nxf6 34. Rxe7 Qb6 35. Qe6 Rf8 36. Qxf6 1-0

[Event "European Womens-ch 2025"]
[Site "Rhodes"]
[Date "2025.04.02"]
[Round "3.54"]
[White "Kiousi, Panagiota"]
[Black "Eric, Jovana"]
[Result "0-1"]
[Annotator "NA RC"]
[ECO "D30"]
[WhiteElo "1998"]
[BlackElo "2147"]
[PlyCount "60"]
[EventDate "2025.03.29"]
[EventType "swiss"]
[EventCountry "GRE"]
[SourceTitle "playchess.com"]
[Source "ChessBase"]
[SourceQuality "1"]
[TimeControl "40/5400+30:1800+30"]

1. d4 d5 2. c4 e6 3. Nf3 a6 4. cxd5 exd5 5. Qc2 Nf6 6. Bg5 Be6 7. e3 Nbd7 8. Ne5 c6 9. Nc3 h6 10. Bh4 Be7 11. Be2 O-O 12. O-O Nxe5 13. dxe5 Ng4 14. Bxe7 Qxe7 15. Bxg4 Bxg4 16. Qa4 Bd7 17. Qd4 Rae8 18. f4 f6 19. exf6 Qxf6 20. Qb6 Bc8 21. Rae1 Bf5 22. Qb3 Rf7 23. Ne2 Kh8 24. Nd4 Be4 25. Qc3 Rfe7 26. f5 Re5 27. Rf4 Qg5 28. g4 Qf6 29. Ne2 h5 30. h3 Qh4 0-1

[Event "European Womens-ch 2025"]
[Site "Rhodes"]
[Date "2025.04.02"]
[Round "3.55"]
[White "Ciolacu, Alessia-Mihaela"]
[Black "Nahapetyan, Ani"]
[Result "1/2-1/2"]
[Annotator "NA RC"]
[ECO "D45"]
[WhiteElo "2136"]
[BlackElo "1887"]
[PlyCount "54"]
[EventDate "2025.03.29"]
[EventType "swiss"]
[EventCountry "GRE"]
[SourceTitle "playchess.com"]
[Source "ChessBase"]
[SourceQuality "1"]
[TimeControl "40/5400+30:1800+30"]

1. d4 d5 2. c4 c6 3. Nc3 Nf6 4. e3 e6 5. Nf3 Nbd7 6. Be2 dxc4 7. a4 Bd6 8. Nd2 O-O 9. Nxc4 Bc7 10. b3 Nb6 11. Bb2 Nxc4 12. Bxc4 Qe7 13. Qe2 e5 14. dxe5 Bxe5 15. Rc1 Be6 16. O-O Bxh2+ 17. Kxh2 Ng4+ 18. Kg3 h5 19. Bxe6 Qxe6 20. Qc4 Qg6 21. Kh3 Qf5 22. Qf4 Qe6 23. Kg3 Qg6 24. Kh3 Qe6 25. Kg3 Qg6 26. Kh3 Qe6 27. Kg3 Qg6 1/2-1/2

[Event "European Womens-ch 2025"]
[Site "Rhodes"]
[Date "2025.04.02"]
[Round "3.56"]
[White "Krkyasharyan, Sona"]
[Black "Chelushkina, Irina"]
[Result "1/2-1/2"]
[Annotator "RC"]
[ECO "D97"]
[WhiteElo "1989"]
[BlackElo "2134"]
[PlyCount "135"]
[EventDate "2025.03.29"]
[EventType "swiss"]
[EventCountry "GRE"]
[SourceTitle "playchess.com"]
[Source "ChessBase"]
[SourceQuality "1"]
[TimeControl "40/5400+30:1800+30"]

1. d4 Nf6 2. c4 g6 3. Nc3 d5 4. Nf3 Bg7 5. Qb3 dxc4 6. Qxc4 O-O 7. e4 a6 8. Be2 b5 9. Qb3 Nfd7 10. Be3 Nc6 11. O-O Nb6 12. d5 Na5 13. Qc2 f5 14. Rad1 fxe4 15. Nxe4 Bf5 16. Bxb6 cxb6 17. Nh4 Rc8 18. Qb1 Bxe4 19. Qxe4 Qd6 20. Nf3 Bxb2 21. Ng5 Bf6 22. Ne6 Rfe8 23. f4 Nb7 24. f5 Nc5 25. Qg4 Nxe6 26. dxe6 Qc5+ 27. Kh1 Kg7 28. Bd3 Rcd8 29. fxg6 h5 30. Qe2 Rd5 31. Rf3 Re5 32. Qf1 Rxe6 33. Rf5 Re5 34. Qf3 Rxf5 35. Bxf5 Qe5 36. h3 h4 37. Bc2 Rf8 38. Qe4 Qxe4 39. Bxe4 Rc8 40. Kg1 Rc4 41. Bd3 Ra4 42. Rd2 Rd4 43. Kf2 b4 44. Ke2 b5 45. Bf5 Rc4 46. Rc2 Bc3 47. Kf3 a5 48. Bd3 Rc5 49. g3 hxg3 50. Kxg3 a4 51. h4 Rd5 52. Be4 Re5 53. Kf3 a3 54. Rh2 Kh6 55. Bc2 Rc5 56. Rg2 Bg7 57. Bb3 Rc3+ 58. Ke4 Rh3 59. Kf5 Re3 60. Kf4 Rd3 61. Kf5 e5 62. Bf7 Rd4 63. Rg4 Rxg4 64. Kxg4 b3 65. Bxb3 Kxg6 66. Kf3 Kh5 67. Ke4 Kxh4 68. Bd5 1/2-1/2

[Event "European Womens-ch 2025"]
[Site "Rhodes"]
[Date "2025.04.02"]
[Round "3.57"]
[White "Silva, Ana Ines Teixeira Da"]
[Black "Dicen, Elis Denele"]
[Result "0-1"]
[Annotator "RC"]
[ECO "C48"]
[WhiteElo "1893"]
[BlackElo "2129"]
[PlyCount "92"]
[EventDate "2025.03.29"]
[EventType "swiss"]
[EventCountry "GRE"]
[SourceTitle "playchess.com"]
[Source "ChessBase"]
[SourceQuality "1"]
[TimeControl "40/5400+30:1800+30"]

1. e4 e5 2. Nf3 Nc6 3. Nc3 Nf6 4. Bb5 Nd4 5. Nxd4 exd4 6. e5 dxc3 7. exf6 Qxf6 8. dxc3 c6 9. Qe2+ Be7 10. Bd3 d5 11. Be3 Qd6 12. O-O-O Be6 13. Kb1 a6 14. Bd4 O-O 15. Qh5 h6 16. Be5 Qd7 17. h3 Bd6 18. f4 Bxe5 19. Qxe5 f5 20. c4 Qf7 21. c5 d4 22. Qxd4 Bxa2+ 23. Ka1 Rad8 24. Qc3 Bd5 25. Rhg1 Rd7 26. Rde1 Re7 27. Re5 Rxe5 28. Qxe5 Bc4 29. Bxc4 Qxc4 30. Re1 Qxc2 31. Qe6+ Kh7 32. Qe7 Rf6 33. Qxb7 Rg6 34. g4 fxg4 35. hxg4 Qa4+ 36. Kb1 Qxf4 37. Qxa6 Qxg4 38. Qd3 h5 39. Qc2 Qg2 40. Qf5 Qg5 41. Qc2 Qg4 42. Rd1 h4 43. Rd6 h3 44. Rxc6 Qg2 45. Rxg6 Qxg6 46. c6 h2 0-1

[Event "European Womens-ch 2025"]
[Site "Rhodes"]
[Date "2025.04.02"]
[Round "3.58"]
[White "Heinatz, Gundula"]
[Black "Harutyunyan, Gabriela"]
[Result "1/2-1/2"]
[Annotator "RC"]
[ECO "A26"]
[WhiteElo "2111"]
[BlackElo "1793"]
[PlyCount "75"]
[EventDate "2025.03.29"]
[EventType "swiss"]
[EventCountry "GRE"]
[SourceTitle "playchess.com"]
[Source "ChessBase"]
[SourceQuality "1"]
[TimeControl "40/5400+30:1800+30"]

1. c4 e5 2. g3 g6 3. Bg2 Bg7 4. Nc3 Ne7 5. d3 Nbc6 6. Bd2 d6 7. Rb1 a5 8. a3 Rb8 9. b4 axb4 10. axb4 O-O 11. b5 Nd4 12. e3 Ne6 13. Nge2 f5 14. f4 b6 15. O-O Bb7 16. Nd5 Nc5 17. Qc2 Re8 18. e4 Nxd5 19. cxd5 Bc8 20. Bc3 Qe7 21. fxe5 dxe5 22. Bb4 Bf8 23. d4 exd4 24. Nxd4 Bd7 25. Ne6 Bxe6 26. dxe6 fxe4 27. Bh3 Qg5 28. Qf2 Bg7 29. Qf7+ Kh8 30. Qxc7 Be5 31. Qa7 Bxg3 32. hxg3 Qxg3+ 33. Bg2 Qe3+ 34. Kh2 Ra8 35. Qf7 Qh6+ 36. Kg1 Qe3+ 37. Kh2 Qh6+ 38. Kg1 1/2-1/2

[Event "European Womens-ch 2025"]
[Site "Rhodes"]
[Date "2025.04.02"]
[Round "3.59"]
[White "Alexandri, Vasiliki"]
[Black "Ter-Avetisjana, Agnesa Stepania"]
[Result "1/2-1/2"]
[Annotator "RC"]
[ECO "D44"]
[WhiteElo "1927"]
[BlackElo "2100"]
[PlyCount "74"]
[EventDate "2025.03.29"]
[EventType "swiss"]
[EventCountry "GRE"]
[SourceTitle "playchess.com"]
[Source "ChessBase"]
[SourceQuality "1"]
[TimeControl "40/5400+30:1800+30"]

1. d4 d5 2. c4 c6 3. Nc3 Nf6 4. Nf3 e6 5. Bg5 dxc4 6. e4 b5 7. e5 h6 8. Bh4 g5 9. Nxg5 hxg5 10. Bxg5 Nbd7 11. g3 Qb6 12. exf6 Bb7 13. Bg2 c5 14. d5 O-O-O 15. O-O b4 16. dxe6 Bxg2 17. e7 Re8 18. exf8=Q Rhxf8 19. Kxg2 bxc3 20. bxc3 Re6 21. Qd5 Re5 22. Qd2 Qc6+ 23. f3 Rd5 24. Qe3 Rd8 25. Rfd1 Ne5 26. Rxd5 Qxd5 27. Qe4 Qxe4 28. fxe4 Rd3 29. Rc1 Kd7 30. h4 Nf3 31. Bf4 Ke6 32. e5 Kf5 33. Rf1 Nxe5 34. Bxe5+ Kxe5 35. Rf3 Rd2+ 36. Rf2 Rd3 37. Rf3 Rd2+ 1/2-1/2